AoeStats
← AOKI_GworK

Arabia

503659424Analyzed
1v1 RM · 1mo ago on Sep 1, 2026· 34m 28s· 2 players
Game mode
Random Map
Map size
Tiny (2 player)
Population
200
Speed
Normal
Resources
Standard
Victory
Conquest
Starting age
Dark Age
Ending age
Imperial Age
RankedLock teamsTeams togetherTeam positionsShared explorationLock speedFull tech treeHidden civsTurbo modeCheats
Victory
Defeat
🇫🇷 Shu · France
1826
+14
🇳🇱 Lithuanians · Netherlands
1786
-14
Phoebus Apollo
5:40 Loom
5:44 Loom
8:47 Feudal Age
8:54 Man-at-Arms
13:39 Double-Bit Axe
16:22 Fletching
19:13 Wheelbarrow
22:03 Castle Age
20:15 Horse Collar
21:00 Scale Barding Armor
21:06 Forging
20:57 Padded Archer Armor
21:29 Bloodlines
22:44 Bodkin Arrow
22:23 Elite Skirmisher
31:24 Leather Archer Armor
32:08 Ballistics
31:55 Town Watch
AOKI_GworK
6:12 Loom
8:58 Feudal Age
9:01 Man-at-Arms
14:01 Double-Bit Axe
14:30 Fletching
16:31 Padded Archer Armor
18:47 Wheelbarrow
21:32 Castle Age
19:33 Horse Collar
21:34 Crossbowman
22:10 Bodkin Arrow
22:33 Thumb Ring
23:31 Ballistics
25:05 Bow Saw
26:43 Leather Archer Armor
27:53 Hand Cart
27:24 Town Watch
29:45 Gold Mining
33:28 Imperial Age
33:04 Stone Mining
33:30 Arbalester
Connection lost

Rejoining the realm…

Still unreachable

The connection could not be restored.

Session expired

The server has moved on; the page needs a fresh start.